Map: Ruins of Endion

Players

ghasT

  • Race: Terran Terran
  • League: Master

Miszu - Winner!

  • Race: Terran Terran
  • League: Master

VOD

Have the link to the VOD?

Description

Time

  • Played on: May 11, 2016, 3:29 p.m.
  • Length: 8:27
Show
View Real Time Build Order
Export as new Build Order

ghasT Terran 

Build Orders: 1/1/1, Banshee Rush 

Get SALT Encoding   

  12  0:01  SCV  
  13  0:13  SCV  
  14  0:18  Supply Depot  
  14  0:25  SCV  
  14  0:28  Refinery  
  15  0:39  SCV  
  16  0:45  Barracks  
  16  0:51  SCV  
  17  1:03  SCV  
  18  1:14  Refinery  
  18  1:15  SCV  
  19  1:33  Orbital Command  
  19  1:35  Factory  
  19  1:42  Supply Depot  
  19  1:43  Reaper  
  20  1:59  SCV  
  21  2:11  SCV  
  23  2:15  Reaper  
  23  2:20  Hellion  
  23  2:21  Starport  
  25  2:25  SCV  
  26  2:36  Supply Depot  
  26  2:37  SCV  
  26  2:42  Hellion  
  29  2:51  Reaper  
  30  2:55  SCV  
  30  3:01  Viking  
  30  3:03  Hellion  
  34  3:11  Supply Depot  
  34  3:23  Barracks Tech Lab  
  34  3:26  Hellion  
  36  3:30  Command Center  
  36  3:40  SCV  
  37  3:46  Cloaking Field, Banshee  
  40  3:50  Factory Tech Lab  
  40  3:51  Barracks Reactor  
  40  3:57  SCV  
  40  4:02  Supply Depot  
  39  4:12  Siege Tank  
  42  4:24  SCV  
  42  4:27  Engineering Bay, Marine  
  42  4:28  Marine  
  45  4:32  Banshee  
  48  4:42  Orbital Command  
  48  4:47  Siege Tank  
  48  4:53  Marine  
  49  5:02  SCV  
  49  5:05  Marine  
  51  5:10  Marine  
  48  5:18  Orbital Command  
  44  5:22  SCV  
  42  5:35  SCV  
  43  5:37  Barracks  
  43  5:40  Barracks  
  43  5:48  Viking  
  45  5:53  SCV x2  
  47  5:58  Viking  
  49  6:07  Marine  
  49  6:09  Stimpack  
  49  6:20  Viking  
  49  6:24  SCV  
  52  6:27  Refinery  
  52  6:28  Viking  
  54  6:34  Barracks Reactor  
  54  6:35  Barracks Reactor  
  54  6:36  Marine  
  54  6:38  SCV x2  
  57  6:44  Siege Tank  
  60  6:51  Viking  
  60  6:53  SCV  
  60  6:54  SCV  
  64  7:00  Viking  
  66  7:05  SCV  
  66  7:06  SCV  
  68  7:14  Marine  
  68  7:15  Marine  
  70  7:21  Supply Depot  
  70  7:42  Marine x3  
  73  7:44  Marine x2  
  73  7:45  Siege Tank  
  78  7:53  Medivac  
  78  7:54  Supply Depot, Medivac, SCV x2  
  84  8:00  Marine  
  84  8:02  Marine  
  86  8:14  SCV  
  86  8:15  SCV  
Show
View Real Time Build Order
Export as new Build Order

Miszu Terran - Winner!

Build Orders: 1/1/1 

Get SALT Encoding   

  12  0:00  SCV  
  13  0:13  SCV  
  14  0:19  Supply Depot  
  14  0:25  SCV  
  14  0:27  Refinery  
  15  0:40  SCV  
  16  0:45  Barracks  
  16  0:51  Refinery  
  16  0:56  SCV  
  17  1:08  SCV  
  18  1:20  SCV  
  20  1:32  Orbital Command  
  20  1:34  Factory  
  20  1:37  Reaper  
  20  1:54  Supply Depot  
  20  1:58  SCV  
  21  2:09  Reaper  
  22  2:17  SCV  
  22  2:18  Starport, Hellion  
  25  2:25  Supply Depot  
  25  2:29  SCV  
  26  2:41  SCV  
  26  2:43  Reaper  
  28  2:54  SCV  
  28  2:57  Hellion, Medivac  
  33  3:01  Supply Depot  
  33  3:14  SCV  
  33  3:15  Marine  
  33  3:18  Hellion  
  37  3:27  Viking  
  37  3:33  Command Center  
  39  3:34  Marine  
  40  3:58  Hellion  
  40  3:59  Viking, SCV  
  43  4:12  SCV  
  44  4:25  Engineering Bay, Barracks Tech Lab, Factory Tech Lab  
  44  4:29  Viking  
  46  4:48  Siege Tank  
  46  4:50  Stimpack  
  46  4:52  Barracks  
  49  4:53  Barracks  
  49  5:00  Starport Reactor  
  49  5:01  Orbital Command  
  49  5:02  SCV  
  50  5:14  SCV  
  49  5:26  SCV  
  50  5:28  Marine  
  50  5:29  Siege Tank  
  50  5:31  SCV  
  55  5:39  SCV  
  56  5:42  Barracks Reactor  
  56  5:43  Barracks Reactor  
  56  5:44  Barracks  
  56  5:46  Marine, Barracks  
  56  5:47  SCV  
  58  5:51  SCV  
  59  5:58  Supply Depot  
  59  6:00  SCV  
  59  6:03  SCV  
  61  6:04  Marine  
  62  6:19  Marine, SCV x2  
  62  6:20  Marine x3  
  62  6:21  Medivac  
  70  6:28  Supply Depot  
  70  6:31  Supply Depot  
  70  6:35  Refinery  
  70  6:39  Barracks Reactor  
  70  6:48  Marine  
  70  6:49  Marine x2  
  70  6:50  Medivac, SCV x2  
  76  6:56  Marine x2  
  76  6:57  Barracks Reactor  
  78  7:02  Refinery, SCV  
  78  7:05  Supply Depot, SCV  
  78  7:06  Marine  
  78  7:07  Marine  
  82  7:08  Marine  
  82  7:14  Marine, SCV  
  83  7:16  Marine x3  
  86  7:26  Marine x3, Medivac, SCV  
  92  7:32  Marine  
  92  7:33  Marine  
  94  7:39  Supply Depot, Marine x3  
  94  7:42  Supply Depot  
  94  7:44  Marine x2  
  97  7:46  Marine x2  
  101  8:00  Marine x5  
  101  8:02  Supply Depot, Marine  
  101  8:04  Supply Depot  
Tags
 
Add a new tag
Caveats
  • Supply blocks, unpowered buildings, or Contaminate may cause inaccurate times.
  • Supply counts are checked every 10 seconds.